Description

One base Hellbat push as seen on Ragnarok's educational Terran stream. This is not an all-in as you build 2nd CC and continue scv production after initial attack.

I do not know Korean so if anyone has insight on what he's saying during the game let me know in the comments :)

VOD

https://youtu.be/CJOlIra_QP0?t=864

Build Order

Get SALT Encoding   

  14  0:18  Supply Depot  
  16  0:41  Barracks  
  16  0:45  Refinery  Fully saturate ASAP
  18  1:06  Barracks  
  19  1:30  Barracks Reactor  
  19  1:31  Orbital Command  
  19  1:34  Refinery  Fully saturate ASAP
  19  1:54  Marine  From 2nd barracks
  21  2:00  Supply Depot  
  21  2:04  Factory  @100% swap with 1st rax reactor
  21  2:05  Marine x2  
  23  2:13  Barracks Tech Lab  On 2nd barracks, after marine pops out
  24  2:18  Marine x2  
  26  2:30  Supply Depot  
  28  2:52  Starport  
  28  2:55  Barracks Reactor  After swap with factory
  28  2:57  Combat Shield  Keep building marines constantly from both barracks
  29  3:04  Hellion x2  
  34  3:15  Supply Depot  Stop SCV production at 24
  35  3:30  Hellion x2  
  39  3:34  Medivac  
  44  3:50  Armory  
  44  4:00  Hellion x2  
  47  4:20  Stimpack  Move out at ~4:20 with 6 hellbats, medivac and marines with CS
  47  4:25  Supply Depot x2  
  52  4:50  Command Center  @400 minerals
Spawning Tool Build Advisor. Get it on Overwolf

Go to:

Details

  • Created by: Fabled
  • Published on: Mar 16, 2019
  • Modified on: Mar 16, 2019
  • Patch: 4.7.1
Show
View Real Time Build Order
Export as new Build Order

Comments (0)

There are no comments. Be the first!

Create an account to comment!